 Dungeon Crawl Stone Soup version 0.23.2-1-ga50397a (webtiles) character file.

Game seed: 13675461730540120430

147 night the Sneak (level 5, -1/43 HPs)
             Began as a Gnoll Assassin on May 7, 2019.
             Succumbed to a goblin's poison
             ... on level 3 of the Dungeon.
             The game lasted 00:04:42 (2310 turns).

night the Sneak (Gnoll Assassin)                    Turns: 2310, Time: 00:04:43

Health: -1/43      AC: 12    Str: 14    XL:     5   Next: 29%
Magic:  7/7        EV:  4    Int: 13    God:
Gold:   81         SH:  0    Dex: 17    Spells: 6/6 levels left

rFire    . . .     SeeInvis +   p - +1 whip (vamp)
rCold    . . .     Gourm    .   (no shield)
rNeg     . . .     Faith    .   v - +0 plate armour
rPois    .         Spirit   .   (no helmet)
rElec    .         Reflect  .   d - +0 cloak
rCorr    .         Harm     .   (no gloves)
MR       .....                  t - +0 pair of boots (curse)
Stlth    ..........             (no amulet)
HPRegen  0.14/turn              s - ring of see invisible
MPRegen  0.10/turn              (no ring)

@: lethally poisoned (-1 -> -26)
A: distributed training, fangs 1, strong nose
a: no special abilities


You were on level 3 of the Dungeon.
You were not hungry.

You visited 1 branch of the dungeon, and saw 3 of its levels.

You collected 81 gold pieces.

Inventory:

Hand Weapons
 a - a +2 dagger
 b - a +0 blowgun
 p - a +1 vampiric whip (weapon)
Missiles
 e - 8 poisoned needles
 f - 2 curare-tipped needles
 h - 47 stones (quivered)
 i - 58 bolts
 j - 43 arrows
 u - a throwing net
Armour
 c - a +0 robe
 d - a +0 cloak (worn)
 m - a +0 ring mail
 t - a cursed +0 pair of boots (worn)
 v - a +0 plate armour (worn)
Jewellery
 s - a ring of see invisible (left hand)
Scrolls
 k - 3 scrolls of identify {unknown}
 n - a scroll of noise {unknown}
 r - a scroll of blinking {unknown}
Potions
 l - a potion of heal wounds {unknown}
 o - a potion of lignification {unknown}
 q - a potion of berserk rage {unknown}
Comestibles
 g - 3 rations


   Skills:
 + Level 4.7 Fighting
 + Level 4.7 Short Blades
 + Level 1.4 Long Blades
 + Level 1.4 Axes
 + Level 1.4 Maces & Flails
 + Level 1.4 Polearms
 + Level 1.4 Staves
 + Level 1.4 Slings
 + Level 1.4 Bows
 + Level 1.4 Crossbows
 + Level 4.7 Throwing
 + Level 1.4 Armour
 + Level 2.9 Dodging
 + Level 7.9 Stealth
 + Level 1.4 Shields
 + Level 1.4 Unarmed Combat
 + Level 1.4 Spellcasting
 + Level 1.1 Conjurations
 + Level 1.1 Hexes
 + Level 1.1 Charms
 + Level 1.1 Summonings
 + Level 1.1 Necromancy
 + Level 1.1 Translocations
 + Level 1.1 Transmutations
 + Level 1.1 Fire Magic
 + Level 1.1 Ice Magic
 + Level 1.1 Air Magic
 + Level 1.1 Earth Magic
 + Level 1.1 Poison Magic
 + Level 1.5 Invocations
 + Level 1.4 Evocations


You had 6 spell levels left.
You didn't know any spells.
Your spell library was empty.

Dungeon Overview and Level Annotations

Branches:
Dungeon (3/15)

Altars:

Annotations:
D:3 Robin


Innate Abilities, Weirdness & Mutations

Your experience applies equally to all skills.
You have very sharp teeth.
Your uncanny sense of smell can sniff out nearby items.


Message History

The goblin hits you but does no damage. The goblin hits you.
* * * LOW HITPOINT WARNING * * *
The goblin hits you.
* * * LOW HITPOINT WARNING * * *
Robin hits you but does no damage. The goblin hits you but does no damage.
You are more poisoned.
The hobgoblin hits you but does no damage.
You hit Robin.
You feel better.
You bite Robin, but do no damage.
Robin is heavily wounded.
* * * LOW HITPOINT WARNING * * *
You feel sick. The goblin hits you with a +0 club.
* * * LOW HITPOINT WARNING * * *
The hobgoblin hits you but does no damage.
The goblin hits you but does no damage. The goblin barely misses you. x2
The goblin hits you but does no damage.
You are more poisoned.
The hobgoblin barely misses you.
You completely miss Robin.
Robin is heavily wounded.
You die...

##. ... # ...
... ####. ...
.... .....##.#
.....
.>..#.##..... .
...glS.....
....##ggg......
.....gg@g#
.....gggg#
.......gg..
.............
..#............
# #.......##...
#.......# ###
.........


You could see Robin, an adder, 3 hobgoblins, 9 goblins and a frilled lizard.

Vanquished Creatures
  Jessica (D:2)
  A worker ant (D:2)
  4 gnolls (D:2)
  2 adders (D:2)
  A worm (D:2)
  2 leopard geckos (D:1)
  2 giant cockroaches (D:1)
  6 goblins
  3 hobgoblins (D:1)
  3 jackals (D:2)
  3 bats
  4 kobolds (D:1)
  4 rats (D:1)
36 creatures vanquished.

Notes
Turn   | Place    | Note
-------+----------+-------------------------------------------
     0 | D:1      | night the Gnoll Assassin began the quest for the Orb.
     0 | D:1      | Reached XP level 1. HP: 20/20 MP: 1/1
   155 | D:1      | Reached XP level 2. HP: 26/26 MP: 2/2
   910 | D:2      | Reached XP level 3. HP: 21/31 MP: 2/4
   921 | D:2      | Reached skill level 1 in Invocations
   985 | D:2      | Reached skill level 1 in Long Blades
   985 | D:2      | Reached skill level 1 in Axes
   985 | D:2      | Reached skill level 1 in Maces & Flails
   985 | D:2      | Reached skill level 1 in Polearms
   985 | D:2      | Reached skill level 1 in Staves
   985 | D:2      | Reached skill level 1 in Slings
   985 | D:2      | Reached skill level 1 in Bows
   985 | D:2      | Reached skill level 1 in Crossbows
   985 | D:2      | Reached skill level 1 in Armour
   985 | D:2      | Reached skill level 1 in Shields
   985 | D:2      | Reached skill level 1 in Unarmed Combat
   985 | D:2      | Reached skill level 1 in Spellcasting
   985 | D:2      | Reached skill level 1 in Evocations
  1291 | D:2      | Reached XP level 4. HP: 25/38 MP: 5/5
  1509 | D:2      | Noticed Jessica
  1547 | D:2      | HP: 1/38 [gnoll (3)]
  1551 | D:2      | Reached skill level 1 in Conjurations
  1551 | D:2      | Reached skill level 1 in Hexes
  1551 | D:2      | Reached skill level 1 in Charms
  1551 | D:2      | Reached skill level 1 in Summonings
  1551 | D:2      | Reached skill level 1 in Necromancy
  1551 | D:2      | Reached skill level 1 in Translocations
  1551 | D:2      | Reached skill level 1 in Transmutations
  1551 | D:2      | Reached skill level 1 in Fire Magic
  1551 | D:2      | Reached skill level 1 in Ice Magic
  1551 | D:2      | Reached skill level 1 in Air Magic
  1551 | D:2      | Reached skill level 1 in Earth Magic
  1551 | D:2      | Reached skill level 1 in Poison Magic
  1554 | D:2      | Killed Jessica
  1554 | D:2      | Reached XP level 5. HP: 7/43 MP: 6/6
  2302 | D:3      | Noticed Robin
  2309 | D:3      | HP: 1/43 [goblin/+0 club[Robin] (3)]
  2310 | D:3      | Succumbed to a goblin's poison

Skill      XL: |  1  2  3  4 |
---------------+-------------+-----
Invocations    | 1 |  1.5
Long Blades    | 1 |  1.4
Axes           | 1 |  1.4
Maces & Flails | 1 |  1.4
Polearms       | 1 |  1.4
Staves         | 1 |  1.4
Slings         | 1 |  1.4
Bows           | 1 |  1.4
Crossbows      | 1 |  1.4
Armour         | 1 |  1.4
Shields        | 1 |  1.4
Unarmed Combat | 1 |  1.4
Spellcasting   | 1 |  1.4
Evocations     | 1 |  1.4
Conjurations   | 1 |  1.1
Hexes          | 1 |  1.1
Charms         | 1 |  1.1
Summonings     | 1 |  1.1
Necromancy     | 1 |  1.1
Translocations | 1 |  1.1
Transmutations | 1 |  1.1
Fire Magic     | 1 |  1.1
Ice Magic      | 1 |  1.1
Air Magic      | 1 |  1.1
Earth Magic    | 1 |  1.1
Poison Magic   | 1 |  1.1
Fighting       | |  4.7
Short Blades   | |  4.7
Throwing       | |  4.7
Dodging        | |  2.9
Stealth        | |  7.9

Action                   |  1- 3 |  4- 6 || total
-------------------------+-------+-------++-------
Melee: Dagger            |    69 |       ||    69
       Bite              |     7 |     7 ||    14
       Whip              |    21 |    83 ||   104
 Stab: Sleeping          |     6 |     1 ||     7
  Eat: Ration            |     2 |       ||     2
       Chunk             |     1 |     1 ||     2
Armor: Robe              |     4 |       ||     4
       Ring mail         |    15 |    12 ||    27
       Plate armour      |       |    43 ||    43
Dodge: Dodged            |    48 |    41 ||    89
